[Event "SVK ECo-C Extraliga 2018-19"]
[Site "Slovakia"]
[Date "2019.03.09"]
[Round "7.7"]
[White "Haring, Viktor"]
[Black "Pallag, Gergely"]
[Result "1-0"]
[ECO "C05"]
[WhiteElo "2278"]
[BlackElo "2005"]
[Annotator "NA"]
[PlyCount "47"]
[EventDate "2018.11.10"]
[EventType "team-tourn"]
[EventCountry "SVK"]
[SourceTitle "playchess.com"]
[Source "ChessBase"]
[SourceQuality "1"]
[WhiteTeam "Liptovska"]
[BlackTeam "Komarno"]
[TimeControl "40/5400+30:1800+30"]

1. e4 e6 2. d4 d5 3. Nd2 Nf6 4. e5 Nfd7 5. Bd3 c5 6. c3 Nc6 7. Ne2 Qb6 8. O-O cxd4 9. cxd4 Nxd4 10. Nxd4 Qxd4 11. Nf3 Qb6 12. Qc2 f5 {[%emt 0:45:02] [#]} 13. exf6 $16 Nxf6 14. Be3 Qd6 15. Rac1 e5 16. Qxc8+ Rxc8 17. Rxc8+ Kf7 18. Ng5+ Kg8 19. Rfc1 d4 20. Ne4 Qd7 21. R1c7 Qxc7 22. Rxc7 h6 23. Nxf6+ gxf6 24. Bc4# 1-0

[Event "SVK ECo-C Extraliga 2018-19"]
[Site "Slovakia"]
[Date "2019.03.09"]
[Round "7.7"]
[White "Banas, Kamil"]
[Black "Sepesi, Samuel"]
[Result "1-0"]
[ECO "B36"]
[WhiteElo "2248"]
[BlackElo "2189"]
[Annotator "NA"]
[PlyCount "79"]
[EventDate "2018.11.10"]
[EventType "team-tourn"]
[EventCountry "SVK"]
[SourceTitle "playchess.com"]
[Source "ChessBase"]
[SourceQuality "1"]
[WhiteTeam "Modra"]
[BlackTeam "Snina"]
[TimeControl "40/5400+30:1800+30"]

1. e4 c5 2. Nf3 Nc6 3. d4 cxd4 4. Nxd4 g6 5. c4 Nf6 6. Nc3 d6 7. Be2 Nxd4 8. Qxd4 Bg7 9. Be3 O-O 10. Qd2 a5 11. Rb1 Bd7 12. b3 Bc6 13. f3 Nd7 14. O-O Nc5 15. Rfc1 Qb6 16. a3 Nxb3 17. Bxb6 Nxd2 18. Rb2 Nxe4 19. fxe4 Bxe4 20. Rb3 Bc6 21. Nd5 e6 22. Ne7+ Kh8 23. Nxc6 bxc6 24. Rd1 d5 25. Bc7 Ra7 26. Bd6 Rd8 27. c5 e5 28. Rb6 e4 29. Rxc6 d4 30. Bb5 d3 31. Bf4 Bd4+ 32. Kf1 Rb7 33. a4 Kg7 34. Rd6 Rxd6 35. Bxd6 Ra7 36. Rc1 d2 37. Rd1 e3 38. Ke2 Kf6 39. Kd3 Rb7 40. c6 1-0

[Event "SVK ECo-C Extraliga 2018-19"]
[Site "Slovakia"]
[Date "2019.03.09"]
[Round "7.7"]
[White "Marian, IM Kantorik"]
[Black "Peter, IM Petran"]
[Result "0-1"]
[ECO "A40"]
[WhiteElo "2206"]
[BlackElo "2244"]
[Annotator "NA"]
[PlyCount "100"]
[EventDate "2018.11.10"]
[EventType "team-tourn"]
[EventCountry "SVK"]
[SourceTitle "playchess.com"]
[Source "ChessBase"]
[SourceQuality "1"]
[WhiteTeam "1"]
[BlackTeam "2"]
[TimeControl "40/5400+30:1800+30"]

1. d4 g6 2. g3 Bg7 3. Bg2 c5 4. d5 d6 5. c4 f5 6. Nh3 Na6 7. Nf4 Nc7 8. h4 Nh6 9. h5 g5 10. Nh3 g4 11. Nf4 Nf7 12. Qc2 Rb8 13. Nc3 O-O 14. h6 Be5 15. Bd2 b5 16. cxb5 Nxb5 17. Nxb5 Rxb5 18. Bc3 Bxc3+ 19. Qxc3 Qa5 20. Qxa5 Rxa5 21. a3 Ne5 22. O-O-O Bd7 23. Bf1 Rb8 24. e3 c4 25. Rd4 c3 26. Rb4 Rxb4 27. axb4 Ra1+ 28. Kc2 Bb5 29. Bg2 Rxh1 30. Bxh1 cxb2 31. Kxb2 Kf7 32. Kc3 Kf6 33. e4 Nf7 34. Kd4 Nxh6 35. Nh5+ Kg5 36. Ng7 Bd7 37. exf5 Nxf5+ 38. Nxf5 Bxf5 39. f4+ gxf3 40. Bxf3 h6 41. Be2 Bg4 42. Bf1 Bd1 43. Bh3 Bc2 44. Ke3 Bf5 45. Bg2 Kg4 46. Kf2 Bc2 47. Bf3+ Kf5 48. Kg2 Ke5 49. Kh3 Bb3 50. Kh4 Bxd5 0-1

[Event "SVK ECo-C Extraliga 2018-19"]
[Site "Slovakia"]
[Date "2019.03.09"]
[Round "7.7"]
[White "Spacek, Oliver"]
[Black "Kusiak, Matej"]
[Result "1/2-1/2"]
[ECO "E10"]
[WhiteElo "2184"]
[BlackElo "2253"]
[Annotator "NA"]
[PlyCount "70"]
[EventDate "2018.11.10"]
[EventType "team-tourn"]
[EventCountry "SVK"]
[SourceTitle "playchess.com"]
[Source "ChessBase"]
[SourceQuality "1"]
[WhiteTeam "Osuske"]
[BlackTeam "Prakovce"]
[TimeControl "40/5400+30:1800+30"]

1. d4 Nf6 2. Nf3 e6 3. c4 c5 4. d5 b5 5. dxe6 {[%emt 0:16:14] LiveBook: 643 Games} fxe6 6. cxb5 d5 7. Bg5 Be7 8. Nbd2 ({Better is} 8. a4 $14) 8... O-O 9. e3 a6 $11 10. bxa6 Nc6 11. a3 Qb6 12. Qc2 c4 13. b3 cxb3 14. Qxb3 Qxb3 15. Nxb3 Bxa6 16. Bxa6 Rxa6 17. O-O Rfa8 18. Nbd4 Nxd4 19. Nxd4 Bxa3 20. f3 Bc5 21. Rxa6 Rxa6 22. Rc1 Bxd4 23. exd4 Ra4 24. Rc8+ Kf7 25. Rc7+ Kg6 26. Be3 Ng8 27. h4 h6 28. g4 Rc4 29. Ra7 h5 30. gxh5+ Kh7 31. Ra6 Ne7 32. Rxe6 Nf5 33. Bf2 Nxd4 34. Bxd4 Rxd4 35. Rd6 Rxh4 1/2-1/2

[Event "SVK ECo-C Extraliga 2018-19"]
[Site "Slovakia"]
[Date "2019.03.09"]
[Round "7.7"]
[White "Turcan, Martin"]
[Black "Gazik, Igor"]
[Result "0-1"]
[ECO "A41"]
[WhiteElo "1921"]
[BlackElo "2237"]
[Annotator "NA"]
[PlyCount "76"]
[EventDate "2018.11.10"]
[EventType "team-tourn"]
[EventCountry "SVK"]
[SourceTitle "playchess.com"]
[Source "ChessBase"]
[SourceQuality "1"]
[WhiteTeam "Zilina"]
[BlackTeam "Podhajska"]
[TimeControl "40/5400+30:1800+30"]

1. d4 d6 2. c4 e5 3. dxe5 dxe5 4. Qxd8+ Kxd8 5. Nc3 Be6 6. e3 c6 7. Nf3 f6 8. Bd2 Nd7 9. Ne4 Ne7 10. Rd1 Nc8 11. Bc3 Kc7 12. b3 a5 13. a4 Nd6 14. Nfd2 Nf7 15. Bd3 f5 16. Ng3 g6 17. O-O b6 18. Bc2 h5 19. Ne2 Rg8 20. Kh1 Bc5 21. e4 f4 22. Nc1 g5 23. Nd3 Bd6 24. Nf3 Rg7 25. Rfe1 Rh7 26. Rd2 h4 27. Red1 h3 28. g3 Bg4 29. Nde1 Re8 30. Rd3 Bc5 31. R1d2 Rh6 32. Kg1 Nd6 33. Rxd6 Rxd6 34. Rxd6 Kxd6 35. Nxg5 fxg3 36. hxg3 Rf8 37. Nd3 Bxf2+ 38. Nxf2 h2+ 0-1

[Event "SVK ECo-C Extraliga 2018-19"]
[Site "Slovakia"]
[Date "2019.03.09"]
[Round "7.8"]
[White "Sebastian Lukas, FM Kostolansky"]
[Black "Magat, Jozef"]
[Result "1-0"]
[ECO "B00"]
[WhiteElo "2308"]
[BlackElo "2112"]
[Annotator "NA"]
[PlyCount "139"]
[EventDate "2018.11.10"]
[EventType "team-tourn"]
[EventCountry "SVK"]
[SourceTitle "playchess.com"]
[Source "ChessBase"]
[SourceQuality "1"]
[WhiteTeam "2"]
[BlackTeam "1"]
[TimeControl "40/5400+30:1800+30"]

1. e4 Nc6 2. Nf3 g6 3. d4 Bg7 4. d5 Ne5 5. Nxe5 Bxe5 6. Be2 d6 7. O-O c6 8. Nd2 Bg7 9. dxc6 bxc6 10. Bf3 Rb8 11. Re1 Qc7 12. Nc4 Be6 13. Qd3 Rb4 14. Na3 Nf6 15. c3 Rb7 16. Bf4 Nd7 17. Qd2 O-O 18. Rad1 Rfb8 19. b3 Qa5 20. Nb1 Ne5 21. Be2 c5 22. Be3 Qc7 23. c4 Nc6 24. Nc3 Qa5 25. Rc1 Nb4 26. Bd1 Qa3 27. Re2 Nc6 28. f4 Bg4 29. Rf2 Bxd1 30. Qxd1 Qa5 31. Qd2 Nd4 32. f5 Nc6 33. fxg6 hxg6 34. Qd5 Nd8 35. Na4 Qc7 36. Rcf1 e6 37. Qd1 Qc6 38. Qg4 Qe8 39. h4 f5 40. Qd1 Nf7 41. Rd2 Rd8 42. Rf3 Rbd7 43. Rg3 Kh7 44. Qb1 Be5 45. Rf3 Nh6 46. h5 gxh5 47. Bxh6 Kxh6 48. exf5 exf5 49. Qxf5 Qg6 50. Nxc5 Qxf5 51. Rxf5 dxc5 52. Rxd7 Bd4+ 53. Rxd4 cxd4 54. Kf2 d3 55. Rd5 Rf8+ 56. Ke3 Rg8 57. Rd6+ Kg5 58. Rxd3 Kh4 59. Rd2 Kg3 60. c5 Re8+ 61. Kd3 Rd8+ 62. Kc3 Rc8 63. Kc4 h4 64. b4 a6 65. a4 Rf8 66. c6 a5 67. b5 Rf4+ 68. Kc5 Rxa4 69. c7 Ra1 70. Rc2 1-0

[Event "SVK ECo-C Extraliga 2018-19"]
[Site "Slovakia"]
[Date "2019.03.09"]
[Round "7.8"]
[White "Takacs, Laszlo"]
[Black "Bombek, Peter"]
[Result "0-1"]
[ECO "C11"]
[WhiteElo "2295"]
[BlackElo "2205"]
[Annotator "NA"]
[PlyCount "126"]
[EventDate "2018.11.10"]
[EventType "team-tourn"]
[EventCountry "SVK"]
[SourceTitle "playchess.com"]
[Source "ChessBase"]
[SourceQuality "1"]
[WhiteTeam "Streda"]
[BlackTeam "Dubnica"]
[TimeControl "40/5400+30:1800+30"]

1. e4 e6 2. d4 d5 3. Nc3 Nf6 4. e5 Nfd7 5. Nce2 c5 6. c3 Nc6 7. Nf3 Qb6 8. a3 a5 9. h4 a4 10. Nf4 Qb3 11. Be2 Qxd1+ 12. Bxd1 Nb6 13. Nd3 cxd4 14. cxd4 Bd7 15. Bd2 Na5 16. Bxa5 Rxa5 17. Nd2 Be7 18. Rc1 O-O 19. Rc7 Bd8 20. Rc3 f6 21. Nf3 Nc4 22. O-O Bb6 23. exf6 gxf6 24. Be2 Rb5 25. Nb4 Ba5 26. Bxc4 dxc4 27. Rxc4 Bxb4 28. axb4 Bc6 29. Re1 Bd5 30. Rc3 Rxb4 31. Re2 b5 32. Rc5 Rd8 33. Rc7 Rc4 34. Re7 b4 35. Re3 h5 36. Kh2 Rf8 37. Kh3 Rf7 38. Re8+ Kh7 39. Rb8 Ra7 40. Ne1 a3 41. bxa3 bxa3 42. Rb1 a2 43. Ra1 Rxd4 44. Nc2 Rd2 45. Nb4 Rxf2 46. Nxd5 exd5 47. Rb3 d4 48. Kg3 Rc2 49. Rf3 Rb2 50. Rff1 Rg7+ 51. Kf3 Rbxg2 52. Ke4 Ra7 53. Rxf6 Rg4+ 54. Kd5 d3 55. Kc5 Rxh4 56. Rd6 Rh3 57. Kb6 Ra4 58. Kb5 Rhh4 59. Rd7+ Kg6 60. Rd6+ Kf7 61. Kc6 Ra6+ 62. Kd5 Rxd6+ 63. Kxd6 Ra4 0-1

[Event "SVK ECo-C Extraliga 2018-19"]
[Site "Slovakia"]
[Date "2019.03.09"]
[Round "7.8"]
[White "Mudrak, Josef"]
[Black "Dvorak, Vladimir"]
[Result "1/2-1/2"]
[ECO "A85"]
[WhiteElo "2246"]
[BlackElo "1883"]
[Annotator "NA"]
[PlyCount "82"]
[EventDate "2018.11.10"]
[EventType "team-tourn"]
[EventCountry "SVK"]
[SourceTitle "playchess.com"]
[Source "ChessBase"]
[SourceQuality "1"]
[TimeControl "40/5400+30:1800+30"]

1. d4 e6 2. c4 f5 3. Nc3 Nf6 4. e3 Bb4 5. Qc2 O-O 6. f3 b6 7. Bd3 Bb7 8. Nge2 d6 9. Bd2 Nbd7 10. O-O-O Qe7 11. Rhg1 a5 12. Rdf1 c5 13. g4 fxg4 14. fxg4 g6 15. h4 e5 16. g5 Nh5 17. Bxg6 hxg6 18. Qxg6+ Ng7 19. d5 Rxf1+ 20. Rxf1 Rf8 21. Rg1 Rf2 22. a3 Nf8 23. Qd3 Bxc3 24. Nxc3 Bc8 25. Be1 Rf3 26. Qe2 e4 27. Bg3 Ng6 28. Bxd6 Qxd6 29. Nxe4 Qf8 30. Nf6+ Rxf6 31. gxf6 Qxf6 32. h5 Ne5 33. Rf1 Qg5 34. Kb1 Bf5+ 35. Ka2 Bd3 36. Qf2 Bxf1 37. Qxf1 Qxh5 38. Qf6 Qf5 39. Qxb6 Nxc4 40. Qxc5 Nxe3 41. Qxa5 Qxd5+ 1/2-1/2

[Event "SVK ECo-C Extraliga 2018-19"]
[Site "Slovakia"]
[Date "2019.03.09"]
[Round "7.8"]
[White "Fiacan, Robert"]
[Black "Federic, Jozef"]
[Result "1-0"]
[ECO "B23"]
[WhiteElo "2242"]
[BlackElo "2207"]
[Annotator "NA"]
[PlyCount "67"]
[EventDate "2018.11.10"]
[EventType "team-tourn"]
[EventCountry "SVK"]
[SourceTitle "playchess.com"]
[Source "ChessBase"]
[SourceQuality "1"]
[WhiteTeam "Snina"]
[BlackTeam "Modra"]
[TimeControl "40/5400+30:1800+30"]

1. e4 c5 2. Nc3 e6 3. f4 Nc6 4. Nf3 d6 5. Bc4 Nf6 6. d3 Be7 7. O-O O-O 8. Bb3 Na5 9. e5 dxe5 10. fxe5 Nd7 11. Qe1 b6 12. Qg3 Kh8 13. Ng5 Bxg5 14. Bxg5 f6 15. exf6 Nxf6 16. Ne4 Nxb3 17. axb3 Qd4+ 18. Kh1 Bb7 19. Nxf6 gxf6 20. c3 Qd5 21. Rxf6 Rg8 22. h4 Rg7 23. Raf1 Rag8 24. R6f2 h6 25. Bf6 Kh7 26. Bxg7 Rxg7 27. Qh3 h5 28. Re1 Rg4 29. d4 cxd4 30. c4 Qd8 31. Qd3+ Be4 32. Rxe4 Qxh4+ 33. Kg1 Rxe4 34. Re2 1-0

[Event "SVK ECo-C Extraliga 2018-19"]
[Site "Slovakia"]
[Date "2019.03.09"]
[Round "7.8"]
[White "Danada, Tomas"]
[Black "Gasa, Patrik"]
[Result "1-0"]
[ECO "D37"]
[WhiteElo "2221"]
[BlackElo "2176"]
[Annotator "NA"]
[PlyCount "115"]
[EventDate "2018.11.10"]
[EventType "team-tourn"]
[EventCountry "SVK"]
[SourceTitle "playchess.com"]
[Source "ChessBase"]
[SourceQuality "1"]
[WhiteTeam "Prakovce"]
[BlackTeam "Osuske"]
[TimeControl "40/5400+30:1800+30"]

1. d4 d5 2. c4 e6 3. Nf3 Nf6 4. Nc3 Be7 5. Bf4 O-O 6. Rc1 c6 7. e3 Nbd7 8. h3 a6 9. c5 b6 10. b4 b5 $16 (10... Ne4 $11 {keeps the balance.}) 11. a4 Bb7 12. Bd3 Re8 13. O-O Nf8 14. Qe2 Ng6 15. Bg3 Nh5 16. Bh2 f5 17. g4 fxg4 18. hxg4 Nf6 19. Bxg6 hxg6 20. Ne5 g5 21. a5 Nd7 22. Nxd7 Qxd7 23. Be5 Bf6 24. f4 Bxe5 25. fxe5 Rf8 26. Qd3 Rxf1+ 27. Rxf1 Rf8 28. Rxf8+ Kxf8 29. Qg6 Qf7 30. Qxg5 Qf3 31. Qf4+ Qxf4 32. exf4 Bc8 33. Kf2 Bd7 34. Kg3 Kf7 35. Kh4 Kg6 36. Ne2 Bc8 37. Ng1 Bd7 38. Nf3 Bc8 39. Kg3 Kh6 40. Nh4 g6 41. Nf3 Bd7 42. Kh4 Bc8 43. f5 gxf5 44. gxf5 exf5 45. Kg3 Be6 46. Kf4 Kg6 47. Nh4+ Kf7 48. Nxf5 Bd7 49. Kg5 Be6 50. Nd6+ Ke7 51. Kg6 Bh3 52. Nf5+ Ke6 53. Nh4 Bg4 54. Kg7 Bh5 55. Kf8 Kd7 56. Nf5 Be8 57. Ng7 Bg6 58. e6+ 1-0

[Event "SVK ECo-C Extraliga 2018-19"]
[Site "Slovakia"]
[Date "2019.03.09"]
[Round "7.8"]
[White "Szucs, Vladimir"]
[Black "Stauder, Matej"]
[Result "1-0"]
[ECO "E70"]
[WhiteElo "2155"]
[BlackElo "1949"]
[Annotator "NA"]
[PlyCount "47"]
[EventDate "2018.11.10"]
[EventType "team-tourn"]
[EventCountry "SVK"]
[SourceTitle "playchess.com"]
[Source "ChessBase"]
[SourceQuality "1"]
[WhiteTeam "Podhajska"]
[BlackTeam "Zilina"]
[TimeControl "40/5400+30:1800+30"]

1. d4 Nf6 2. c4 g6 3. Nc3 Bg7 4. e4 O-O 5. Nf3 d6 6. Be2 e5 7. O-O Nc6 8. d5 Ne7 9. Ne1 a5 10. Be3 Nd7 11. Nd3 f5 12. f3 Nf6 13. c5 f4 14. Bf2 g5 15. cxd6 cxd6 16. Rc1 Bd7 17. Qb3 b5 18. Nxb5 a4 19. Qc4 Rc8 20. Qxa4 Rb8 21. Nb4 Qe8 22. Nc6 Nxc6 23. dxc6 Be6 24. Nc7 1-0

[Event "SVK ECo-C Extraliga 2018-19"]
[Site "Slovakia"]
[Date "2019.03.09"]
[Round "7.8"]
[White "Viczencz, Peter"]
[Black "Tropp, Oliver"]
[Result "1/2-1/2"]
[ECO "C00"]
[WhiteElo "1979"]
[BlackElo "2169"]
[Annotator "NA"]
[PlyCount "90"]
[EventDate "2018.11.10"]
[EventType "team-tourn"]
[EventCountry "SVK"]
[SourceTitle "playchess.com"]
[Source "ChessBase"]
[SourceQuality "1"]
[WhiteTeam "Komarno"]
[BlackTeam "Liptovska"]
[TimeControl "40/5400+30:1800+30"]

1. e4 e6 2. Qe2 c5 3. Nf3 Nc6 4. g3 b6 5. Bg2 Bb7 6. c3 d5 7. exd5 Qxd5 8. O-O Nge7 9. Na3 $11 O-O-O 10. Rd1 g5 11. d4 g4 12. Ne5 Nxd4 13. Bxd5 Nxe2+ 14. Kf1 Rxd5 15. Rxd5 Nxg3+ 16. hxg3 Nxd5 17. Nxf7 Rg8 18. c4 Ba6 19. Kg1 Nb4 20. Be3 Be7 21. Rd1 Nxa2 22. Bf4 Nb4 23. Re1 Kd7 24. Ne5+ Ke8 25. Nb5 Bxb5 26. cxb5 Nc2 27. Re4 Nd4 28. Nc6 Nxb5 29. Rxe6 Kd7 30. Rh6 Bd6 31. Nxa7 Bxf4 32. Rxh7+ Ke6 33. Nxb5 Bc1 34. b3 Rg6 35. Kg2 Bb2 36. Rb7 Kd5 37. Rb8 Kc6 38. Na7+ Kc7 39. Re8 Kb7 40. Nb5 Kc6 41. Na7+ Kb7 42. Nb5 Ka6 43. Nc7+ Ka5 44. Re4 Bd4 45. Ne6 Kb4 1/2-1/2

[Event "SVK ECo-C Extraliga 2018-19"]
[Site "Slovakia"]
[Date "2019.03.10"]
[Round "8.6"]
[White "Kopera, Michal"]
[Black "Joba, Arpad"]
[Result "0-1"]
[ECO "C07"]
[WhiteElo "2152"]
[BlackElo "2009"]
[Annotator "NA"]
[PlyCount "104"]
[EventDate "2018.11.10"]
[EventType "team-tourn"]
[EventCountry "SVK"]
[SourceTitle "playchess.com"]
[Source "ChessBase"]
[SourceQuality "1"]
[WhiteTeam "Zilina"]
[BlackTeam "Komarno"]
[TimeControl "40/5400+30:1800+30"]

1. e4 e6 2. d4 d5 3. Nd2 c5 4. exd5 Qxd5 5. Ngf3 cxd4 6. Bc4 Qd6 7. O-O Nf6 8. Nb3 Nc6 9. Nbxd4 Nxd4 10. Nxd4 a6 11. c3 Qc7 12. Bb3 Bd6 13. h3 O-O 14. Qf3 e5 15. Nc2 Bd7 16. Bg5 Bc6 17. Qe2 Ne4 18. Be3 Kh8 19. Rfd1 f5 20. f3 Ng3 21. Qf2 f4 22. Bb6 Qe7 23. Bd5 Rf6 24. Nb4 Be8 25. Bb3 Bxb4 26. cxb4 Qxb4 27. Bc5 Qb5 28. Be7 Rc6 29. Rd5 Qe2 30. Re1 Qxf2+ 31. Kxf2 Bf7 32. Rdxe5 Bxb3 33. axb3 Rc2+ 34. Kg1 Re8 35. Bd6 Rxe5 36. Bxe5 Kg8 37. h4 Kf7 38. Kh2 Nf5 39. Kh3 h5 40. b4 Ne3 41. Bxf4 Nxg2 42. Re4 Nxf4+ 43. Rxf4+ Kg6 44. Kg3 Rxb2 45. Rd4 Kf5 46. Rf4+ Ke5 47. Re4+ Kd5 48. Kf4 Rg2 49. Ke3 g5 50. hxg5 Rxg5 51. Kd3 Rf5 52. Ke3 Re5 {[%emt 0:00:36] Kd4+} 0-1

[Event "SVK ECo-C Extraliga 2018-19"]
[Site "Slovakia"]
[Date "2019.03.10"]
[Round "8.7"]
[White "Kusiak, Matej"]
[Black "Banas, Kamil"]
[Result "0-1"]
[ECO "C49"]
[WhiteElo "2253"]
[BlackElo "2248"]
[Annotator "NA RC"]
[PlyCount "128"]
[EventDate "2018.11.10"]
[EventType "team-tourn"]
[EventCountry "SVK"]
[SourceTitle "playchess.com"]
[Source "ChessBase"]
[SourceQuality "1"]
[WhiteTeam "Prakovce"]
[BlackTeam "Modra"]
[TimeControl "40/5400+30:1800+30"]

1. e4 e5 2. Nf3 Nf6 3. Nc3 Nc6 4. Bb5 Bb4 5. O-O O-O 6. d3 d6 7. Bg5 Bxc3 8. bxc3 Qe7 9. h3 Nd8 10. Nh2 Ne6 11. Be3 a5 12. Bc4 Bd7 13. Bxe6 Qxe6 14. c4 b6 15. f4 exf4 16. Bxf4 Bc6 17. Nf3 Bb7 18. Nd4 Qd7 19. Nf5 Kh8 20. Bd2 Ng8 21. Rf4 f6 22. Rg4 Rf7 23. Bc3 Qe8 24. Rh4 Bc8 25. Qh5 Bxf5 26. Qxf5 h6 27. Rf1 Qa4 28. Qg6 Raf8 29. Bd2 Qxc2 30. Be3 Qe2 31. Bf4 f5 32. Bc1 Rf6 33. Qg3 fxe4 34. Rxf6 Rxf6 35. Kh2 exd3 36. Rg4 Rf7 37. Rd4 Qc2 38. Bf4 Ne7 39. Qe3 Qe2 40. Rxd3 Qxe3 41. Bxe3 Nc6 42. Kg1 Kg8 43. Bd2 Nb4 44. Bxb4 axb4 45. Rb3 c5 46. Rd3 Ra7 47. Rd2 Kf7 48. Kf1 Ke6 49. Re2+ Kd7 50. Ke1 Ra3 51. Kd1 Kc6 52. Kc1 Rc3+ 53. Kb2 Rxc4 54. Re7 g5 55. Rh7 Rf4 56. g4 Rf2+ 57. Kb1 Rf6 58. Kc2 Kb5 59. Rh8 Kc4 60. Kd2 Rf2+ 61. Ke3 Rxa2 62. Rxh6 b3 63. Rxd6 b2 64. Rxb6 Ra3+ {[%emt 0:00:03] Kd4+} 0-1

[Event "SVK ECo-C Extraliga 2018-19"]
[Site "Slovakia"]
[Date "2019.03.10"]
[Round "8.7"]
[White "Sepesi, Samuel"]
[Black "Spacek, Oliver"]
[Result "1-0"]
[ECO "B43"]
[WhiteElo "2189"]
[BlackElo "2184"]
[Annotator "NA"]
[PlyCount "75"]
[EventDate "2018.11.10"]
[EventType "team-tourn"]
[EventCountry "SVK"]
[SourceTitle "playchess.com"]
[Source "ChessBase"]
[SourceQuality "1"]
[WhiteTeam "Snina"]
[BlackTeam "Osuske"]
[TimeControl "40/5400+30:1800+30"]

1. e4 c5 2. Nf3 a6 3. d4 cxd4 4. Nxd4 e6 5. Nc3 b5 6. Bd3 Qb6 7. Nf3 Qc7 8. O-O Bb7 9. Re1 Nc6 10. e5 Be7 11. Bf4 Nh6 12. Qd2 O-O-O 13. a4 b4 14. Ne4 Nf5 15. Neg5 Nh6 16. Rad1 d5 17. exd6 Bxd6 18. Bxd6 Rxd6 19. Qe2 a5 20. Ne4 Rd5 21. c4 Rdd8 22. Nc5 Nf5 23. Nxe6 fxe6 24. Qxe6+ Kb8 25. Bxf5 Rhe8 26. Qxe8 Rxe8 27. Rxe8+ Ka7 28. Be6 Ne5 29. Nd4 Qc5 30. Nb5+ Kb6 31. Rd6+ Nc6 32. Bd5 b3 33. Rb8 Ka6 34. Bxc6 Bxc6 35. Rc8 Qg5 36. Rdxc6+ Kb7 37. R6c7+ Ka6 38. Ra8+ 1-0

[Event "SVK ECo-C Extraliga 2018-19"]
[Site "Slovakia"]
[Date "2019.03.10"]
[Round "8.7"]
[White "Pallag, Gergely"]
[Black "Harasta, Igor"]
[Result "1/2-1/2"]
[ECO "A45"]
[WhiteElo "2005"]
[BlackElo "2092"]
[Annotator "NA"]
[PlyCount "94"]
[EventDate "2018.11.10"]
[EventType "team-tourn"]
[EventCountry "SVK"]
[SourceTitle "playchess.com"]
[Source "ChessBase"]
[SourceQuality "1"]
[WhiteTeam "Komarno"]
[BlackTeam "Zilina"]
[TimeControl "40/5400+30:1800+30"]

1. d4 Nf6 2. Bg5 g6 3. Bxf6 exf6 4. e3 Bg7 5. g3 O-O 6. Bg2 d6 7. c4 c6 8. Ne2 Nd7 9. O-O f5 10. Nbc3 Re8 11. Qd3 Nf6 12. b4 Qe7 13. b5 Ne4 14. Rab1 h5 15. Rb3 Bh6 16. Nf4 h4 17. a4 hxg3 18. hxg3 Kg7 19. Rfb1 g5 20. Nh3 Qf6 21. a5 Nxc3 22. Qxc3 f4 23. exf4 gxf4 24. Nxf4 Bxf4 25. gxf4 Bf5 26. Rc1 Rg8 27. a6 bxa6 28. bxc6 Rac8 29. d5 Qxc3 30. Rcxc3 Kf6 31. Rg3 Rge8 32. Rge3 Rg8 33. Kf1 Rg4 34. Bh3 Rxf4 35. Bxf5 Kxf5 36. Rf3 Rxf3 37. Rxf3+ Ke4 38. Rxf7 Kd4 39. Rxa7 Kxc4 40. Rxa6 Kxd5 41. Ke2 Rxc6 42. Rxc6 Kxc6 43. Kd3 Kd5 44. f4 Ke6 45. Kd4 Kf5 46. Kd5 Kxf4 47. Kxd6 Ke4 {Ke5+} 1/2-1/2

[Event "SVK ECo-C Extraliga 2018-19"]
[Site "Slovakia"]
[Date "2019.03.10"]
[Round "8.8"]
[White "Federic, Jozef"]
[Black "Danada, Tomas"]
[Result "0-1"]
[ECO "D04"]
[WhiteElo "2207"]
[BlackElo "2221"]
[Annotator "NA RC"]
[PlyCount "122"]
[EventDate "2018.11.10"]
[EventType "team-tourn"]
[EventCountry "SVK"]
[SourceTitle "playchess.com"]
[Source "ChessBase"]
[SourceQuality "1"]
[WhiteTeam "Modra"]
[BlackTeam "Prakovce"]
[TimeControl "40/5400+30:1800+30"]

1. d4 Nf6 2. Nf3 d5 3. e3 c5 4. Be2 Nc6 5. O-O cxd4 6. exd4 Qc7 {[%emt 0:03:25] B13: Caro-Kann: Exchange Variation and Panov-Botvinnik Attack} (6... g6 7. c3 Bg7 8. Bf4 O-O 9. Nbd2 h6 10. Ne5 Nd7 11. Nxd7 Qxd7 12. Nb3 b6 13. a4 a5 14. Re1 Ba6 15. Bxa6 Rxa6 16. Nc1 Re8 17. Nd3 {1-0 (37) Maghsoodloo,P (2573)-Mousavi,S (2424) Arak 2016}) 7. c4 dxc4 $146 ({Predecessor:} 7... Bf5 8. cxd5 Nxd5 9. a3 a6 10. Nc3 Rd8 11. Nxd5 Rxd5 12. Bc4 Rd8 13. Be3 e6 14. Rc1 {½-½ (40) Moser,M-Preindl,F (1745) Wattens 1997}) 8. Na3 Bg4 9. Be3 e6 10. Nxc4 Bd6 11. h3 Bh5 12. Rc1 Nd5 13. Nce5 Bxe5 14. Nxe5 Bxe2 15. Qxe2 O-O 16. Nxc6 bxc6 17. Rc5 Rab8 18. Rfc1 Rb6 19. b3 Qb7 20. Bd2 Nb4 21. Be1 Rc8 22. R1c4 h6 23. Qd2 Nd5 24. Qc2 Ne7 25. Bd2 Rb5 26. Bf4 Rxc5 27. dxc5 Rd8 28. Bc1 Rd5 29. Bb2 Qd7 30. Qc3 e5 31. f4 Ng6 32. fxe5 Nxe5 33. Rd4 Rxd4 34. Qxd4 Qxd4+ 35. Bxd4 Nd3 36. Be3 f5 37. Kf1 Kf7 38. Ke2 Nb4 39. Bd2 Na6 40. b4 Ke6 41. Kd3 Kd5 42. a3 Nc7 43. Bc1 a5 44. Be3 a4 45. Bc1 Ne6 46. Bd2 f4 47. h4 g5 48. hxg5 hxg5 49. Bc3 g4 50. Bd2 g3 $19 51. Ke2 Nd4+ 52. Kf1 Ke4 53. Bc1 f3 54. Bb2 Ne2 55. b5 Nf4 56. gxf3+ Kxf3 57. Bd4 g2+ 58. Ke1 Nd3+ 59. Kd2 Nf2 60. bxc6 g1=Q 61. c7 Qd1+ 0-1

[Event "SVK ECo-C Extraliga 2018-19"]
[Site "Slovakia"]
[Date "2019.03.10"]
[Round "8.8"]
[White "Gasa, Patrik"]
[Black "Fiacan, Robert"]
[Result "1-0"]
[ECO "A80"]
[WhiteElo "2176"]
[BlackElo "2242"]
[Annotator "NA RC"]
[PlyCount "25"]
[EventDate "2018.11.10"]
[EventType "team-tourn"]
[EventCountry "SVK"]
[SourceTitle "playchess.com"]
[Source "ChessBase"]
[SourceQuality "1"]
[WhiteTeam "Osuske"]
[BlackTeam "Snina"]
[TimeControl "40/5400+30:1800+30"]

1. d4 f5 2. h3 Nf6 3. g4 fxg4 4. hxg4 Nxg4 5. Qd3 g6 6. Rxh7 Rxh7 7. Qxg6+ Rf7 8. Qxg4 d5 9. Qh5 Qd6 10. Nf3 Qf6 11. Be3 Qf5 12. Ng5 Be6 13. Bh3 1-0

[Event "SVK ECo-C Extraliga 2018-19"]
[Site "Slovakia"]
[Date "2019.03.10"]
[Round "8.8"]
[White "Matejov, Jaroslav"]
[Black "Viczencz, Peter"]
[Result "0-1"]
[ECO "B41"]
[WhiteElo "2054"]
[BlackElo "1979"]
[Annotator "NA"]
[PlyCount "72"]
[EventDate "2018.11.10"]
[EventType "team-tourn"]
[EventCountry "SVK"]
[SourceTitle "playchess.com"]
[Source "ChessBase"]
[SourceQuality "1"]
[WhiteTeam "Zilina"]
[BlackTeam "Komarno"]
[TimeControl "40/5400+30:1800+30"]

1. e4 e6 2. d4 c5 3. Nf3 cxd4 4. Nxd4 a6 5. c4 Nf6 6. Bd3 Be7 7. O-O Qc7 8. Nc3 O-O 9. Be3 d6 10. Rc1 Nbd7 11. f4 b6 12. Qe2 Bb7 13. Bb1 Rac8 14. b3 Nc5 15. Bd2 Rfd8 16. Rf3 d5 17. cxd5 exd5 18. e5 Nfe4 19. Rh3 g6 20. Nxe4 dxe4 21. Be3 Qb8 22. Nf5 gxf5 23. Qh5 Kf8 24. Qxh7 Ke8 25. Qxf5 Ne6 26. Re1 Qc7 27. Rh8+ Nf8 28. h4 Qc3 29. Kf1 a5 30. Bxe4 Ba6+ 31. Kf2 Rd2+ 32. Kf3 Rxa2 33. Rc1 Be2+ 34. Kg3 Qxe3+ 35. Bf3 Rxc1 36. e6 Qxe6 0-1